AoeStats
← ASLAN

Black Forest

508870209Analyzed
4v4 RM · 8d ago on Sep 24, 2026· 17m 4s· 8 players
Game mode
Random Map
Map size
Large (8 player)
Population
200
Speed
Normal
Resources
Standard
Victory
Conquest
Starting age
Dark Age
Ending age
Imperial Age
RankedLock teamsTeams togetherTeam positionsShared explorationLock speedFull tech treeHidden civsTurbo modeCheats
Victory
Defeat
🇨🇳 Mongols · China
1478
+15
🇨🇳 Magyars · China
1473
+16
🇨🇿 Malians · Czechia
1472
+16
🇸🇪 Armenians · Sweden
1464
+16
🇦🇷 Portuguese · Argentina
1524
-18
🇨🇳 Persians · China
1501
-17
🇨🇳 Teutons · China
1443
-15
1395
-13
迷路将军
11:11 Feudal Age
12:08 Double-Bit Axe
15:37 Castle Age
13:35 Gold Mining
15:29 Fishing Lines
polom.s1989
1:35 Loom
11:23 Feudal Age
11:24 Man-at-Arms
11:50 Arson
ASLAN
9:07 Loom
11:22 Feudal Age
11:27 Man-at-Arms
12:18 Double-Bit Axe
12:26 Arson
12:25 Long Swordsman
15:28 Forging
16:06 Scale Mail Armor
第一滴血
0:40 Loom
10:02 Feudal Age
16:20 Horse Collar
16:25 Double-Bit Axe
changolango
11:12 Feudal Age
15:37 Castle Age
13:52 Horse Collar
14:02 Double-Bit Axe
16:33 Loom
曾经沧海难为水
9:54 Feudal Age
9:24 Loom
oy
12:45 Feudal Age
13:04 Loom
瓦兰吉程咬金三板斧
8:32 Loom
10:55 Feudal Age
15:06 Castle Age
13:15 Double-Bit Axe
16:00 Bow Saw
Connection lost

Rejoining the realm…

Still unreachable

The connection could not be restored.

Session expired

The server has moved on; the page needs a fresh start.